[Event "*** Titled Tuesday Blitz"]
[Site "Chess.com"]
[Date "2021.03.09"]
[Round "10"]
[White "enriquebutti"]
[Black "Manukyan_Artak"]
[Result "1-0"]
[WhiteElo "2240"]
[BlackElo "2384"]
[TimeControl "180+1"]
[EndTime "11:59:50 PST"]
[Termination "enriquebutti won by resignation"]

1. d4 Nf6 2. c4 g6 3. Nc3 Bg7 4.
Nf3 O-O 5. Bg5 d6 6. e3 c5 7. Be2 h6 8. Bh4 Qb6 9. Qd2 Bf5 10. Bxf6 exf6 11. O-O Nc6 12. Rfd1 Rad8 13. h3 h5 14. Bd3 Bxd3 15. Qxd3 f5 16. Rab1 Qa6 17. a3 f4 18.
Nd5 fxe3 19. fxe3 cxd4 20. exd4 b6 21. Re1 Qc8 22. b4 Kh8 23. Re2 Rde8 24. Rbe1 Qd7 25.
Rxe8 Rxe8 26. Rxe8+ Qxe8 27. Kf2 Qe6 28. Qe3 Qd7 29. Qe4 Kg8 30. h4 Kf8 31. Ke3 Ne7 32. Nxe7 Qxe7 33. Qxe7+ Kxe7 34. Ke4 f6 35. Kd5 Kd7 36. a4 Bf8 37. c5 dxc5 38. dxc5 bxc5 39. bxc5 Be7 40. c6+ Kc7 41. Nd4 g5 42. Nb5+ Kc8 43. Nxa7+ Kc7 44. Nb5+ Kc8 45. hxg5 fxg5 46. a5 g4 47. a6 1-0

[Event "*** Titled Tuesday Blitz"]
[Site "Chess.com"]
[Date "2021.03.09"]
[Round "10"]
[White "ymoy"]
[Black "Azerichess"]
[Result "1-0"]
[WhiteElo "2659"]
[BlackElo "2941"]
[TimeControl "180+1"]
[EndTime "11:59:54 PST"]
[Termination "ymoy won by resignation"]

1. e4 c6 2. d4 d5 3. Nc3 dxe4 4. Nxe4 Bf5 5. Ng3 Bg6 6. h4 h6 7. Nf3 e6 8. h5 Bh7 9. Bd3 Bxd3 10. Qxd3 Nf6 11. Bf4 c5 12. O-O-O Nc6 13. Rhe1 cxd4 14. Qb5 Bd6 15. Bxd6 Qxd6 16. Rxd4 Qc7 17. Ne5 O-O 18.
Nxc6 bxc6 19. Qe5 Qb6 20. Ne4 Nxe4 21. Rdxe4 Rae8 22. Rg4 f6 23. Qe2 Kh8 24. Rc4 Qa5 25.
Kb1 Qd5 26. f4 Rd8 27. Re4 Rd6 28.
b3 Re8 29. g4 a5 30. a4 Qc5 31.
Kb2 f5 32. Rc4 Qd5 33. g5 hxg5 34. fxg5 e5 35. Qe3 Qe6 36. Qb6 e4 37. Qxa5 e3 38.
Rf4 Rd5 39. Qc3 Kh7 40. h6 Qe5 41. Rxe3 Qxc3+ 42. Rxc3 gxh6 43. gxh6 Kxh6 44. Rxc6+ Kg5 45. Rf1 f4 46. b4 Rf5 47. b5 f3 48. Rc7 Kf4 49.
Kb3 Re3+ 50. c3 Kg3 51. Rg7+ Kh2 52. b6 f2 53. b7 Re8 54. c4 Rff8 55. a5 1-0

[Event "*** Titled Tuesday Blitz"]
[Site "Chess.com"]
[Date "2021.03.09"]
[Round "10"]
[White "onnoelgersma"]
[Black "Nozdrachev_Leonid"]
[Result "1-0"]
[WhiteElo "2418"]
[BlackElo "2515"]
[TimeControl "180+1"]
[EndTime "11:59:55 PST"]
[Termination "onnoelgersma won on time"]

1. e4 d6 2. Nf3 Nf6 3. Nc3 e5 4. d4 Nbd7 5. Bc4 Be7 6. a4 O-O 7. O-O c6 8. Re1 Qc7 9. h3 Re8 10. Qd3 Nf8 11. Ng5 Ne6 12. Nxe6 Bxe6 13. Bxe6 fxe6 14.
dxe5 dxe5 15. Qc4 Bf8 16. Bg5 Qa5 17. Rad1 Qb4 18. Qd3 Rad8 19. Qf3 Rxd1 20. Rxd1 Be7 21. b3 Rd8 22. Rxd8+ Bxd8 23. Qd3 Qd4 24. Bxf6 gxf6 25. Kf1 Bb6 26. Qxd4 exd4 27. Nd1 Kf7 28. Ke2 Ke7 29. Nb2 Kd6 30. Nd3 Ba5 31. f4 Bc3 32. g4 b5 33. h4 a6 34. g5 Ke7 35. Kf3 Bd2 36. Kg4 Kf7 37. h5 Kg7 38. gxf6+ Kxf6 39. e5+ Kf7 40. f5 Be3 41. f6 Bg1 42. Kf3 Bh2 43.
Ke4 Bg1 44. Nc5 bxa4 45. bxa4 a5 46. Nb7 Be3 47. Nxa5 c5 48. Nb7 c4 49. Nd6+ 1-0

[Event "*** Titled Tuesday Blitz"]
[Site "Chess.com"]
[Date "2021.03.09"]
[Round "10"]
[White "Steegersee"]
[Black "NovikovaGalina"]
[Result "0-1"]
[WhiteElo "2267"]
[BlackElo "2403"]
[TimeControl "180+1"]
[EndTime "11:59:55 PST"]
[Termination "NovikovaGalina won by resignation"]

1. d4 d5 2. c4 Nc6 3. Nf3 Bg4 4. cxd5 Bxf3 5. gxf3 Qxd5 6. e3 e5 7. Nc3 Bb4 8. Bd2 Bxc3 9. bxc3 Qd6 10. Qb3 Nge7 11. Bd3 O-O 12. O-O b6 13. Rfd1 Rad8 14. Rac1 Ng6 15. Qa4 Nh4 16. Be4 Ne7 17. dxe5 Qxe5 18. Bxh7+ Kxh7 19. Qxh4+ Kg8 20. Qe4 Qf6 21. c4 Ng6 22. f4 Rfe8 23. Qc2 Qh4 24. Qf5 Rd6 25. Bc3 Red8 26. Qc2 Qg4+ 27. Kf1 Rxd1+ 28. Rxd1 Qxd1+ 29. Kg2 Qxc2 30. Bd4 Rxd4 31. exd4 Qxc4 32. Kf3 Qxd4 33. Kg3 Qxf4+ 34. Kg2 Nh4+ 35. Kf1 Nf3 36. Ke2 g5 37. Kd1 g4 38. Kc2 Qd2+ 39. Kb3 c5 40. Kc4 Qb4+ 41. Kd5 c4 42. Kc6 c3 43. Kb7 c2 44. h4 c1=Q 45. h5 Qe7+ 46. Ka6 Qca3+ 47. Kb5 Qa5+ 0-1

[Event "*** Titled Tuesday Blitz"]
[Site "Chess.com"]
[Date "2021.03.09"]
[Round "10"]
[White "Nuvas"]
[Black "RobertoJBM"]
[Result "1/2-1/2"]
[WhiteElo "2573"]
[BlackElo "2711"]
[TimeControl "180+1"]
[EndTime "11:59:56 PST"]
[Termination "Game drawn - insufficient material"]

1. d4 d5 2. c4 c6 3. cxd5 cxd5 4.
Bf4 Nc6 5. e3 Qb6 6. Nc3 Qxb2 7.
Qc1 Qxc1+ 8. Rxc1 e6 9. Nb5 Kd7 10. Nc7 Bb4+ 11. Kd1 e5 12. Bxe5 Nxe5 13. Nxa8 Nc6 14.
Bb5 Ne7 15. Nf3 f6 16. Ke2 b6 17. Rc2 Bb7 18. Nxb6+ axb6 19. Rhc1 Kd6 20. Ne1 Bxe1 21. Kxe1 Ra8 22. a4 Rc8 23. Ke2 h5 24. h4 g5 25.
hxg5 fxg5 26. f3 h4 27. Kf2 Rf8 28. Kg1 Rc8 29. Kh2 Na7 30. Rxc8 Bxc8 31. Bd3 Bd7 32. Rb1 Kc7 33. Ra1 Nac6 34. Rc1 Kd6 35. Rb1 Nc8 36.
g3 hxg3+ 37. Kxg3 Na5 38. Bb5 Bxb5 39. Rxb5 Nc4 40. e4 Ne7 41. Kg4 dxe4 42. fxe4 Nc6 43. Kxg5 Nd2 44. e5+ Kc7 45. Kf4 Nxd4 46. Rd5 N2b3 47.
Kg5 Ne6+ 48. Kf6 Nbc5 49. Rd1 Nf4 50. Rc1 Nd3 51. Rc3 Nb4 52. Rc4 Nd5+ 53. Kf7 Kc6 54.
e6 Kd6 55. Rd4 Nxe6 56. Rd1 Nc5 57. Rd4 Kc6 58. Ke8 Nc3 59. Kd8 N3xa4 60. Rb4 Nc3 61. Rxb6+ Kxb6 1/2-1/2

[Event "*** Titled Tuesday Blitz"]
[Site "Chess.com"]
[Date "2021.03.09"]
[Round "10"]
[White "KetiGrant"]
[Black "arminmusovic"]
[Result "0-1"]
[WhiteElo "2347"]
[BlackElo "2490"]
[TimeControl "180+1"]
[EndTime "11:59:57 PST"]
[Termination "arminmusovic won on time"]

1. e4 c6 2. d4 d5 3. e5 c5 4. dxc5 Nc6 5. Bb5 Nh6 6. c3 a6 7. Bxc6+ bxc6 8. Nd2 Qc7 9. f4 Bg4 10. Ngf3 e6 11. Nb3 Be7 12. h3 Bh4+ 13. Kf1 Bxf3 14.
Qxf3 O-O 15. g3 Be7 16. Kg2 a5 17. Be3 f6 18. Nd4 Qd7 19. exf6 Rxf6 20. Ne2 e5 21. Qh5 Rf5 22. Qf3 Raf8 23. Bf2 R5f7 24. Qd3 exf4 25. gxf4 Nf5 26. Kh2 Bh4 27. Bxh4 Nxh4 28. Rhg1 Kh8 29. Rg4 Nf5 30. Rag1 g6 31. Nd4 Re8 32. Nxf5 Rxf5 33.
Qd4+ Qg7 34. Qxg7+ Kxg7 35. b4 axb4 36. cxb4 Ra8 37. R1g2 Ra3 38. R4g3 Ra4 39. a3 Rxf4 40. Re3 Re4 41. Rge2 Rxe3 42. Rxe3 Kf6 43. Kg3 d4 44. Rd3 Ke5 45. Kf3 g5 46. Kg4 Ke4 47. Rb3 d3 48. Kxg5 d2 49. Rb1 Rxa3 50. h4 Rb3 51.
Rd1 Kd3 52. Kh6 Rxb4 53. h5 Rc4 54. Kxh7 Rxc5 55. h6 Rh5 56. Kg6 Rh2 57. h7 Ke2 0-1

[Event "*** Titled Tuesday Blitz"]
[Site "Chess.com"]
[Date "2021.03.09"]
[Round "10"]
[White "Tooweak2slow03"]
[Black "anon219"]
[Result "1/2-1/2"]
[WhiteElo "2786"]
[BlackElo "2877"]
[TimeControl "180+1"]
[EndTime "11:59:59 PST"]
[Termination "Game drawn by repetition"]

1. e4 c5 2. Nf3 a6 3. c4 Nc6 4. d4 cxd4 5. Nxd4 e5 6. Nf5 d6 7. Ne3 Nf6 8. Nc3 g6 9. h4 Be6 10. Be2 Nd4 11. h5 Nxe2 12. Qxe2 Nxh5 13. Rxh5 gxh5 14.
Qxh5 Rc8 15. b3 b5 16. Ncd5 bxc4 17. bxc4 Be7 18. Qh6 Rg8 19. Qxh7 Kd7 20. Ke2 Rb8 21. Bd2 Rb2 22. c5 Bg5 23. Rc1 dxc5 24. Rxc5 Kd6 25. Rc3 Bxd5 26. exd5 Bxe3 27. Rxe3 Qg5 28. Qxf7 Qg4+ 29.
Rf3 Qe4+ 30. Re3 Qc4+ 31. Rd3 Rc8 32. Qf6+ Kc5 33. Qe7+ Kb6 34. Qxe5 Qb5 35. Qe3+ Kb7 36. Kf3 Rf8+ 37. Kg3 Re8 38. Qf3 Rg8+ 39. Kh3 Qd7+ 40. g4 Qh7+ 41. Kg3 Rh8 42. d6+ Ka7 43. Qe3+ Kb8 44.
Rb3+ Rxb3 45. Qxb3+ Kc8 46. Qe6+ Kb8 47. Qb3+ Ka8 48.
Qf3+ Kb8 49. Qb3+ 1/2-1/2

[Event "*** Titled Tuesday Blitz"]
[Site "Chess.com"]
[Date "2021.03.09"]
[Round "10"]
[White "Reader777"]
[Black "SerGo055"]
[Result "1-0"]
[WhiteElo "2799"]
[BlackElo "2601"]
[TimeControl "180+1"]
[EndTime "11:59:59 PST"]
[Termination "Reader777 won on time"]

1. d4 Nf6 2. c4 e6 3. g3 d5 4. Bg2 Bb4+ 5. Nc3 O-O 6. Nf3 c6 7.
O-O b6 8. Ne5 Nfd7 9. Nf3 Ba6 10. Nd2 dxc4 11. Qa4 Bxc3 12. bxc3 b5 13. Qc2 Bb7 14.
a4 a6 15. Ba3 Re8 16. Ne4 c5 17. dxc5 Bc6 18. Rfd1 Qc7 19. Bb4 Nf8 20. axb5 axb5 21. Rxa8 Bxa8 22. Nd6 Bxg2 23. Nxe8 Qc6 24. Rd6 Qb7 25.
f3 Bh3 26. Qe4 Qe7 27. c6 Na6 28. c7 Nxc7 29. Nxc7 Qxc7 30. Qa8 h6 31. Qxf8+ Kh7 32. Rd8 Qa7+ 33. Qc5 Qa1+ 34. Kf2 Qf1+ 35. Ke3 Qc1+ 36.
Kf2 Qf1+ 37. Ke3 Qc1+ 38. Ke4 Bf5+ 39. Ke5 Qg5 40. Qf8 Be4+ 41. Kxe4 f5+ 42. Kd4 Qd2+ 43.
Kc5 Qe3+ 44. Kxb5 1-0

[Event "*** Titled Tuesday Blitz"]
[Site "Chess.com"]
[Date "2021.03.09"]
[Round "10"]
[White "IMAghasiyevKamal"]
[Black "poneis_malditos"]
[Result "1-0"]
[WhiteElo "2498"]
[BlackElo "2344"]
[TimeControl "180+1"]
[EndTime "12:00:00 PST"]
[Termination "IMAghasiyevKamal won on time"]

1. d4 Nf6 2. c4 c5 3. d5 e6 4. Nc3 exd5 5. cxd5 d6 6. Nf3 g6 7.
Bf4 a6 8. a4 Bg7 9. h3 O-O 10.
e3 Re8 11. Nd2 Nbd7 12. Be2 Ne5 13. O-O Bd7 14. Bxe5 dxe5 15. a5 Rb8 16. Nde4 Nxe4 17.
Nxe4 Bf5 18. Nxc5 e4 19. Ra2 Qd6 20. b4 Bc3 21. Qb3 Bf6 22. Rc2 Red8 23. Rd1 Bc8 24.
Nxe4 Qe5 25. Nxf6+ Qxf6 26. Qc3 Qd6 27. e4 b6 28. Qc7 bxa5 29. Qxd6 Rxd6 30. bxa5 Bd7 31. e5 Bf5 32. Rc5 Rd7 33. Bxa6 Ra7 34. Rc6 Rba8 35.
Bf1 Rxa5 36. f4 Rd8 37. d6 g5 38. g4 Bd7 39. Rc4 gxf4 40. Re1 Re8 41. Rc7 Rd8 42. Bc4 Ra3 43. Rf1 Rg3+ 44. Kh2 Rc3 45. Bxf7+ Kxf7 46. Rxc3 Ke6 47. Rxf4 Kxe5 48. Rf7 Kxd6 49. Rxh7 Bc6 50. Rd3+ 1-0

[Event "*** Titled Tuesday Blitz"]
[Site "Chess.com"]
[Date "2021.03.09"]
[Round "10"]
[White "Bastiandash"]
[Black "Guzman70"]
[Result "1-0"]
[WhiteElo "2465"]
[BlackElo "2342"]
[TimeControl "180+1"]
[EndTime "12:00:00 PST"]
[Termination "Bastiandash won by resignation"]

1. e4 c6 2. d4 d5 3. exd5 cxd5 4.
Bd3 Nc6 5. c3 g6 6. Ne2 Nf6 7.
O-O Bg7 8. f4 Bf5 9. Qc2 e6 10.
Ng3 O-O 11. Be3 Rc8 12. Qe2 a6 13. Nd2 b5 14. a3 Na5 15. Nxf5 exf5 16. Nf3 Nc4 17.
Bxc4 dxc4 18. Rad1 Qd5 19. Bf2 Ne4 20. Qc2 Rfe8 21. Rfe1 Re6 22. Re2 Rce8 23. Rde1 f6 24. Qd1 Kf7 25. Nd2 Nxd2 26. Rxe6 Rxe6 27. Qxd2 Rxe1+ 28. Qxe1 Qe4 29. Qxe4 fxe4 30. g4 f5 31. h3 Ke6 32.
Bh4 Bf8 33. Kf2 Bd6 34. Ke3 Bc7 35. Bg5 Kd5 36. Bh6 Bd6 37. Bg7 a5 38. Be5 Be7 39. g5 b4 40. axb4 axb4 41. Bf6 b3 42. Bxe7 Ke6 43. Bf8 Kd5 44. Bc5 Ke6 45. Bb6 Kd5 46. Kf2 Ke6 47. h4 Kd5 48. h5 Ke6 49. hxg6 hxg6 50.
Ke3 Kd6 51. Ba7 Kd5 52. Bb6 Kc6 53. Bd8 Kd5 54. Bf6 Ke6 55. Bg7 Kd5 56. Bf8 Ke6 57.
d5+ Kxd5 58. Bb4 Kc6 59. Kd4 Kb5 60. Bd6 Kc6 61. Bb8 Kb7 62. Be5 1-0

[Event "*** Titled Tuesday Blitz"]
[Site "Chess.com"]
[Date "2021.03.09"]
[Round "10"]
[White "goldihouse"]
[Black "Durarbayli"]
[Result "1-0"]
[WhiteElo "2612"]
[BlackElo "2688"]
[TimeControl "180+1"]
[EndTime "12:00:01 PST"]
[Termination "goldihouse won on time"]

1. c4 c6 2. g3 d5 3. Nf3 Nf6 4. Bg2 g6 5. b3 Bg7 6. Bb2 O-O 7. O-O a5 8. Nc3 Ne4 9. Qc1 Nxc3 10. Bxc3 d4 11. Bb2 e5 12. e3 Na6 13. exd4 exd4 14.
d3 Bf5 15. Qd2 Nb4 16. Ne1 Re8 17. a3 Na6 18. b4 Qe7 19. Nc2 Qe2 20. Rfd1 Rad8 21.
Bf1 Qh5 22. Re1 Rxe1 23. Rxe1 axb4 24. axb4 Nc7 25. f4 Ne6 26. Bg2 Bh3 27. Ra1 Bxg2 28. Qxg2 Qf5 29. Qe2 h5 30. Ne1 h4 31. Nf3 Qg4 32.
Kf2 hxg3+ 33. hxg3 Re8 34. Qd2 Bf6 35. Re1 Kg7 36.
Rh1 Kg8 37. Rh2 Ng7 38. Bxd4 Nh5 39. Rg2 Bxd4+ 40. Nxd4 Rd8 41. Nf3 Nf6 42. Ne5 Qf5 43. Qe3 Ra8 44. Kg1 Ra1+ 45. Kf2 Qh5 46. Qf3 Qf5 47. Rg1 1-0

[Event "*** Titled Tuesday Blitz"]
[Site "Chess.com"]
[Date "2021.03.09"]
[Round "10"]
[White "katchesskat"]
[Black "BashirliSaadat"]
[Result "0-1"]
[WhiteElo "2304"]
[BlackElo "2206"]
[TimeControl "180+1"]
[EndTime "12:00:03 PST"]
[Termination "BashirliSaadat won by resignation"]

1. c4 e6 2. Nf3 d5 3. e3 Nf6 4. a3 c5 5. Qc2 Nc6 6. d3 Bd6 7. Nbd2 O-O 8. Be2 a6 9. b3 b5 10.
Bb2 Re8 11. O-O Rb8 12. h3 b4 13. a4 a5 14. Rfe1 Ba6 15. Rad1 Qc7 16. Rc1 Nd7 17. d4 Bb7 18. cxd5 exd5 19. dxc5 Nxc5 20. Nd4 Nxd4 21. Bxd4 Ne6 22. Bb2 Rec8 23. Qf5 Qd7 24. Nf3 Nc5 25. Qg5 Bf8 26. Ne5 Qe7 27. Qg3 Ne4 28.
Qg4 Qe6 29. Qh5 Nf6 30. Qh4 Rxc1 31. Rxc1 Rc8 32. Rxc8 Bxc8 33. Ng4 Nxg4 34. Bxg4 Qc6 35. Bxc8 Qxc8 36. Qg5 Qc2 37. Bd4 Qxb3 38. Qd8 Qc4 39. Be5 Qc5 40. Bc7 b3 41. Be5 Qe7 42. Qb8 Qb4 43. Qxb4 Bxb4 44. Bd4 Ba3 45. Kf1 b2 0-1

[Event "*** Titled Tuesday Blitz"]
[Site "Chess.com"]
[Date "2021.03.09"]
[Round "10"]
[White "mikolka1985"]
[Black "Pilopa"]
[Result "1/2-1/2"]
[WhiteElo "2690"]
[BlackElo "2576"]
[TimeControl "180+1"]
[EndTime "12:00:04 PST"]
[Termination "Game drawn by repetition"]

1. d4 Nf6 2. c4 c5 3. d5 b5 4. cxb5 a6 5. bxa6 g6 6. Nc3 Bg7 7. a7 Rxa7 8. e4 O-O 9. Nf3 d6 10. Be2 Qa5 11. O-O Ba6 12. a4 Rb7 13. Ra3 Nbd7 14.
Qc2 Bxe2 15. Qxe2 Ra8 16. Nb5 Ne8 17. Nd2 Nb6 18. Nc4 Nxc4 19. Qxc4 Nc7 20. Nxc7 Qxc7 21. b3 Rb4 22. Qc2 c4 23. Bd2 c3 24. Be3 Qa5 25. f3 Rc8 26. Rd1 h5 27. h3 h4 28.
Raa1 Rcb8 29. Rab1 Bf6 30. Rd3 Rc8 31. Bf2 Qa6 32. Be1 Rb7 33. b4 Qc4 34. b5 Ra8 35. Bxc3 Rxa4 36. Rc1 Ra2 37. Qd1 Bg5 38. Rb1 Rxb5 39.
Rxb5 Qxb5 40. Bd4 Bf4 41. Rb3 Qe8 42. Qb1 Ra8 43. Rb7 Kh7 44. Qb5 Qxb5 45. Rxb5 Bg3 46. Kf1 Ra2 47. Rb7 Rd2 48. Be3 Rd1+ 49. Ke2 Re1+ 50. Kd3 Rd1+ 51. Ke2 Re1+ 52. Kd3 Rd1+ 53. Kc2 Re1 54. Kd3 1/2-1/2

[Event "*** Titled Tuesday Blitz"]
[Site "Chess.com"]
[Date "2021.03.09"]
[Round "10"]
[White "pavelalexandru07"]
[Black "WiktoriaPOL"]
[Result "1-0"]
[WhiteElo "2311"]
[BlackElo "2080"]
[TimeControl "180+1"]
[EndTime "12:00:05 PST"]
[Termination "pavelalexandru07 won on time"]

1. e4 c5 2. Nf3 d6 3. d4 cxd4 4. Nxd4 Nf6 5. Nc3 a6 6. Bg5 Nbd7 7. Qe2 h6 8. Bh4 Qc7 9. O-O-O b5 10. a3 Bb7 11. f4 g6 12. g4 Bg7 13. Bg2 O-O 14.
Rhe1 Nc5 15. Bg3 Rac8 16. e5 dxe5 17. fxe5 Ne8 18. e6 Qb6 19. exf7+ Rxf7 20. Bxb7 Qxb7 21.
Be5 Bxe5 22. Qxe5 Qc7 23. Qe3 Kh7 24. Rf1 Nf6 25. Ne6 Nxe6 26. Qxe6 Rcf8 27. Nd5 Qc4 28. Rf4 Qc5 29. Rdf1 Kg7 30. h4 Qxd5 31.
Rxf6 Rxf6 32. Qxd5 Rxf1+ 33. Kd2 R1f2+ 34. Kc3 R2f3+ 35. Kb4 R3f4+ 36. Ka5 Rxg4 37. Qe5+ Rf6 38. Qxe7+ Rf7 39.
Qe5+ Kg8 40. Qe8+ Kg7 41. Qe5+ Rf6 42. Qc7+ Rf7 43. Qc3+ Kg8 44. Qc8+ Kg7 45. Qxg4 h5 46. Qd4+ Kg8 47. Kxa6 Rf8 48. Kxb5 1-0

[Event "*** Titled Tuesday Blitz"]
[Site "Chess.com"]
[Date "2021.03.09"]
[Round "10"]
[White "ApoIogiA"]
[Black "MasterMK73"]
[Result "1-0"]
[WhiteElo "2206"]
[BlackElo "2281"]
[TimeControl "180+1"]
[EndTime "12:00:05 PST"]
[Termination "ApoIogiA won on time"]

1. d4 d5 2. c4 e6 3. Nc3 c6 4. Nf3 dxc4 5. a4 Bb4 6. e4 b5 7.
Bd2 a5 8. axb5 Bxc3 9. Bxc3 cxb5 10. d5 Nf6 11. dxe6 Qxd1+ 12. Kxd1 Bxe6 13. Bxf6 gxf6 14. Nd4 Bd7 15. b3 cxb3 16. Nxb5 O-O 17. Nc7 Ra7 18.
Nd5 Kg7 19. Bc4 Be6 20. Bxb3 Nc6 21. Ke2 Nd4+ 22. Kd3 Nxb3 23. Ra3 Nc5+ 24. Kc4 Rc8 25. Kd4 a4 26. Rha1 Nb3+ 27. Rxb3 axb3 28. Rxa7 b2 29.
Rb7 Rc2 30. Nc3 Rxf2 31. Kd3 Rxg2 32. h4 Rg3+ 33. Kd4 Rg2 34. Kd3 Kg6 35. Ne2 Bc4+ 36. Kxc4 Rxe2 37. Kc3 Rh2 38. h5+ Kxh5 39. Rb5+ Kg6 40.
Kd3 h5 41. Ke3 h4 42. Kf3 Rc2 43. Kg4 Rh2 44. Kf3 1-0

[Event "*** Titled Tuesday Blitz"]
[Site "Chess.com"]
[Date "2021.03.09"]
[Round "10"]
[White "SilviusTiberius"]
[Black "NikolaGry"]
[Result "0-1"]
[WhiteElo "2518"]
[BlackElo "2669"]
[TimeControl "180+1"]
[EndTime "12:00:06 PST"]
[Termination "NikolaGry won by checkmate"]

1. e4 d6 2. d4 Nf6 3. Nc3 g6 4. Bf4 Nc6 5. Nge2 Bg7 6. Qd2 h6 7. O-O-O g5 8. Bg3 Nh5 9. d5 Ne5 10. Nd4 c5 11. Bb5+ Kf8 12. Nf5 Bxf5 13. exf5 Qa5 14.
Be2 Nxg3 15. hxg3 b5 16. Bxb5 Rb8 17. f4 Ng4 18. Qe2 Bxc3 19. bxc3 Rxb5 20. Qxg4 Qxc3 21.
Qf3 Qxf3 22. gxf3 gxf4 23. g4 Kg7 24. Rd3 Rhb8 25. Kd2 Rb4 26. Re1 R8b7 27. Ra3 Rd4+ 28. Kc1 Rxd5 29. Rb3 Rxb3 30. axb3 Re5 31. Rd1 h5 32.
Rg1 Kf6 33. gxh5 Rxf5 34. Rh1 Kg7 35. Kd2 Kh6 36. Kd3 Rxh5 37. Re1 Re5 38. Ra1 d5 39. Rxa7 Re3+ 40. Kd2 f5 41. Rc7 e6 42. Rxc5 Rxf3 43. Rc6 Re3 44. b4 Kg5 45. b5 Re4 46. c3 f3 47. Ra6 f2 48. Ra1 Kf4 49. b6 Kf3 50. b7 Re2+ 51. Kd3 Re1 52. b8=Q f1=Q+ 53. Kd4 Qc4# 0-1

[Event "*** Titled Tuesday Blitz"]
[Site "Chess.com"]
[Date "2021.03.09"]
[Round "10"]
[White "maximnovik"]
[Black "Nozdrachev_Vladislav"]
[Result "0-1"]
[WhiteElo "2549"]
[BlackElo "2707"]
[TimeControl "180+1"]
[EndTime "12:00:08 PST"]
[Termination "Nozdrachev_Vladislav won on time"]

1. Nf3 d5 2. g3 Nf6 3. Bg2 e6 4.
O-O Be7 5. d3 O-O 6. Nbd2 c5 7.
e4 Nc6 8. Re1 Qc7 9. e5 Nd7 10.
Qe2 f6 11. exf6 Nxf6 12. Nf1 Bd6 13. Bg5 Bd7 14. c3 Rae8 15. Ne3 Re7 16. Qc2 Be8 17. Nh4 Ne5 18. f4 Ng6 19. Nf3 Bc6 20. Bxf6 Rxf6 21. Ng4 Rf8 22. d4 Be8 23. Re2 Bb5 24. Re3 cxd4 25.
Nxd4 Bc5 26. Qd2 Bd7 27. Rae1 Ree8 28. h4 Ne7 29. Kh2 Qb6 30. R3e2 Bxd4 31. Qxd4 Qxd4 32.
cxd4 Nf5 33. Rd2 Rc8 34. Ne5 Be8 35. Bh3 Bb5 36. Bxf5 exf5 37. Re3 Rc1 38. Rb3 a6 39. a4 Bxa4 40. Rxb7 Rfc8 41. h5 Bc2 42. Nd7 Be4 43.
g4 Rh1+ 44. Kg3 Rg1+ 45. Kf2 Rxg4 46. h6 Rxf4+ 47. Ke3 Rf3+ 48. Ke2 Rg3 49. hxg7 Rxg7 50. Nf6+ Kh8 51. Rb6 Rg6 52. Nd7 Rc1 53. Rb8+ Kg7 0-1

[Event "*** Titled Tuesday Blitz"]
[Site "Chess.com"]
[Date "2021.03.09"]
[Round "10"]
[White "NoGalloNoParty"]
[Black "witcher8"]
[Result "1-0"]
[WhiteElo "2344"]
[BlackElo "2445"]
[TimeControl "180+1"]
[EndTime "12:00:08 PST"]
[Termination "NoGalloNoParty won on time"]

1. d4 Nf6 2. Nf3 g6 3. c4 Bg7 4. Nc3 O-O 5. e4 d6 6. Be2 e5 7. Be3 Ng4 8. Bg5 f6 9. Bh4 Nc6 10. d5 Ne7 11. h3 Nh6 12. g4 Nf7 13. Nd2 c6 14. Qc2 b5 15. dxc6 Nxc6 16. Nxb5 a6 17. Nc3 Nd4 18. Qd3 Rb8 19. b3 Qa5 20. Nf3 Nxb3 21.
Rd1 Nc5 22. Qd2 Bh6 23. Qc2 Nxe4 24. Qxe4 Qxc3+ 25. Kf1 Bb7 26. Qd3 Qxd3 27. Rxd3 e4 28. Rb3 exf3 29. Bxf3 Bxf3 30. Rxf3 Ne5 31. Rxf6 Rxf6 32.
Bxf6 Rb1+ 33. Kg2 Rxh1 34. Kxh1 Nxc4 35. Kg2 Bg7 36. Bd8 Kf7 37. f4 Ke6 38. Kf3 d5 39. h4 h5 40. f5+ gxf5 41. gxh5 Bf6 42. Bc7 Bxh4 43. Kf4 Kf6 44. Bd8+ Kg7 45. Bxh4 Kh6 46. Kxf5 Kxh5 47. Bf2 Kh6 48. Ke6 Kg7 49. Kxd5 Nb2 50. Bd4+ Kf7 51. Bxb2 Ke7 52. Kc6 a5 53. a4 Kd8 54.
Be5 Kc8 55. Bd6 Kd8 56. Kb7 Kd7 57. Bc7 1-0

[Event "*** Titled Tuesday Blitz"]
[Site "Chess.com"]
[Date "2021.03.09"]
[Round "10"]
[White "lucachess49"]
[Black "tylityli"]
[Result "1-0"]
[WhiteElo "2402"]
[BlackElo "2253"]
[TimeControl "180+1"]
[EndTime "12:00:08 PST"]
[Termination "lucachess49 won on time"]

1. d4 Nf6 2. c4 e6 3. Nc3 Bb4 4. e3 O-O 5. Ne2 c5 6. a3 Bxc3+ 7. Nxc3 cxd4 8. exd4 d5 9. c5 b6 10. Be2 bxc5 11. dxc5 d4 12. Bf3 Nd5 13. Nxd5 exd5 14.
O-O Nc6 15. b4 Ba6 16. Re1 d3 17. Rb1 Bc4 18. Bb2 a5 19. b5 Ne7 20. a4 Ng6 21. g3 Qc7 22. Bc3 Qxc5 23. Qd2 Qb6 24. h4 Ra7 25. h5 Ne7 26. Qf4 Rb7 27. Bd4 Qc7 28. Be5 Qb6 29. Bd4 Qc7 30. Qg4 f6 31.
Qe6+ Rf7 32. h6 Qd7 33. Bg4 f5 34. Bh5 Qxe6 35. Rxe6 g6 36. Bf3 Kf8 37. Ra6 Ke8 38. Rxa5 Kd7 39. Ra8 Nc8 40. a5 Rxb5 41. Rxb5 Bxb5 42.
Bxd5 Re7 43. Be3 Rxe3 44. fxe3 d2 45. Bb3 Be2 46. Rb8 d1=Q+ 47. Bxd1 Bxd1 48. Rb7+ Kc6 49. Rxh7 Bc2 50. Rg7 g5 51. h7 f4 52. h8=Q Nd6 53. Qa8+ 1-0

[Event "*** Titled Tuesday Blitz"]
[Site "Chess.com"]
[Date "2021.03.09"]
[Round "10"]
[White "dropstoneDP"]
[Black "elextranjero00"]
[Result "1/2-1/2"]
[WhiteElo "2885"]
[BlackElo "2668"]
[TimeControl "180+1"]
[EndTime "12:00:09 PST"]
[Termination "Game drawn by stalemate"]

1. d4 Nf6 2. c4 e6 3. Nc3 Bb4 4. Qc2 d6 5. a3 Bxc3+ 6. Qxc3 O-O 7. Nf3 Re8 8. g3 Nc6 9. Bg2 e5 10. dxe5 dxe5 11. Bg5 h6 12. Bxf6 Qxf6 13. O-O Nd4 14. Rfe1 Bg4 15. h3 Bxf3 16. exf3 c5 17. Re4 Rad8 18. Rae1 Re6 19. b4 Qe7 20. f4 exf4 21. Rxe6 Nxe6 22. Bd5 fxg3 23. Qxg3 cxb4 24. axb4 Qxb4 25.
Re4 Rxd5 26. cxd5 Qxe4 27. dxe6 Qxe6 28. Qb8+ Kh7 29. Qxb7 a5 30. Qb5 Qxh3 31. Qxa5 Qg4+ 32. Kf1 f5 33. Qd5 Qe4 34. Qf7 Qg4 35. Qd5 h5 36.
f3 Qg5 37. Qe5 h4 38. Kf2 Kh6 39. Qe6+ g6 40. Qe5 Qg3+ 41. Qxg3 hxg3+ 42. Kxg3 g5 43.
Kh2 Kg7 44. Kg1 Kf6 45. Kf2 Ke5 46. Ke3 Kd5 47. Kd3 Ke5 48. Ke3 f4+ 49. Ke2 Kf5 50. Kf1 Ke6 51. Ke2 Kf5 52. Kf1 g4 53. fxg4+ Kxg4 54. Kg2 f3+ 55. Kf2 Kf4 56. Kf1 Kg3 57. Kg1 f2+ 58. Kf1 Kf3 1/2-1/2

[Event "*** Titled Tuesday Blitz"]
[Site "Chess.com"]
[Date "2021.03.09"]
[Round "10"]
[White "ErikBlomqvist"]
[Black "ChessQueen"]
[Result "1/2-1/2"]
[WhiteElo "2600"]
[BlackElo "2769"]
[TimeControl "180+1"]
[EndTime "12:00:09 PST"]
[Termination "Game drawn by repetition"]

1. e4 c6 2. d4 d5 3. exd5 cxd5 4. Bd3 Nc6 5. c3 Nf6 6. h3 g6 7. Nf3 Bf5 8. Be2 Qc7 9. O-O Bg7 10. Be3 h6 11.
Nbd2 g5 12. Nh2 e6 13. Nb3 Ne4 14. Nf3 Bf6 15. Nfd2 O-O-O 16. Nxe4 dxe4 17. Bh5 Ne7 18. c4 Bg6 19. Rc1 Kb8 20. Qe2 Nf5 21. Bxg6 fxg6 22. Qg4 Bxd4 23. Nxd4 Nxd4 24. Bxd4 Rxd4 25. Qxe6 Qd6 26.
Qxd6+ Rxd6 27. Rc2 Re8 28. Re1 Rd4 29. b3 Kc7 30. Kf1 a5 31. Re3 a4 32. Ke2 Kc6 33. Rd2 Kc5 34. Rxd4 Kxd4 35. Kd2 Rf8 36. f3 exf3 37. gxf3 axb3 38. axb3 h5 39. Re4+ Kc5 40. Re5+ Kc6 41. Ke3 Rf5 42. Re6+ Kc5 43. Rxg6 Re5+ 44. Kd3 Rf5 45. Ke4 Rf4+ 46. Ke3 Rf5 47. Rh6 h4 48.
Rg6 Re5+ 49. Kd3 Rf5 50. Ke4 Rf4+ 51. Ke3 Rf5 52. Rg7 b6 53. Rg6 Re5+ 54. Kd3 Rf5 55. Ke4 Rf4+ 56. Ke3 Rf5 57. Ke4 Rf4+ 58. Ke3 Rf5 59. Ke4 1/2-1/2

[Event "*** Titled Tuesday Blitz"]
[Site "Chess.com"]
[Date "2021.03.09"]
[Round "10"]
[White "Korchmar_Vasiliy"]
[Black "GM_Huschenbeth"]
[Result "0-1"]
[WhiteElo "2633"]
[BlackElo "2640"]
[TimeControl "180+1"]
[EndTime "12:00:11 PST"]
[Termination "GM_Huschenbeth won on time"]

1. e4 c5 2. Nf3 d6 3. d4 cxd4 4. Nxd4 Nf6 5. Nc3 a6 6. Be2 e5 7. Nb3 Be6 8. Bg5 Nbd7 9. Nd5 h6 10. Bh4 g5 11. Bg3 Nxe4 12. Bg4 Nef6 13. Bf3 e4 14. Nxf6+ Nxf6 15. Be2 d5 16. Qd4 Bg7 17. Be5 O-O 18. h4 g4 19. O-O-O Rc8 20. Kb1 Nh5 21. Bxg7 Nxg7 22.
Rd2 Qe7 23. Qe5 Qc7 24. Qf6 Qd8 25. Qxh6 f5 26. Nd4 Qf6 27. Qf4 Bf7 28. h5 Nxh5 29. Qxf5 Qxf5 30. Nxf5 Rc7 31. Bxg4 Nf6 32. Be2 Be6 33.
Nd4 Bc8 34. f3 Rg7 35. g4 exf3 36. Bxf3 Ne4 37. Rdh2 Kf7 38. Rh5 Ke7 39. Rxd5 Nf6 40. Re1+ Kf7 41. Rc5 Kg8 42. a4 Nxg4 43. Bxg4 Rxg4 44.
Ne6 Re8 45. Rce5 Rxa4 46. Rg5+ Kf7 47. Rf5+ Kg6 48. Rfe5 Kf6 0-1